 Dungeon Crawl Stone Soup version 0.22.1-2-g9c5b331 (console) character file.

184 verb the Shield-Bearer (level 5, -5/46 HPs)
             Began as a Hill Orc Fighter on Dec 24, 2018.
             Slain by an ogre
             ... wielding a +0 giant club
              (9 damage)
             ... on level 4 of the Dungeon.
             The game lasted 00:16:04 (2386 turns).

verb the Shield-Bearer (Hill Orc Fighter)           Turns: 2386, Time: 00:16:05

Health: -5/46      AC: 13    Str: 20    XL:     5   Next: 64%
Magic:  5/5        EV:  5    Int:  8    God:
Gold:   165        SH:  9    Dex: 10    Spells: 4/4 levels left

rFire    . . .     SeeInvis .   a - +0 long sword
rCold    . . .     Gourm    .   c - +0 shield
rNeg     . . .     Faith    .   q - +1 chain mail {rPois}
rPois    +         Spirit   .   (no helmet)
rElec    .         Reflect  .   e - +2 cloak
rCorr    .         Harm     .   (no gloves)
MR       .....                  (no boots)
Stlth    ..........             (no amulet)
HPRegen  0.15/turn              (no ring)
MPRegen  0.09/turn              (no ring)

@: no status effects
A: no striking features
a: no special abilities


You were on level 4 of the Dungeon.
You were hungry.

You visited 1 branch of the dungeon, and saw 4 of its levels.

You collected 165 gold pieces.

Inventory:

Hand Weapons
 a - a +0 long sword (weapon)
 p - a +2 war axe of chopping
Missiles
 m - a tomahawk (quivered)
Armour
 b - a +0 scale mail
 c - a +0 shield (worn)
 e - a +2 cloak (worn)
 q - a +1 chain mail of poison resistance (worn)
 s - a +0 cloak
Jewellery
 v - an uncursed amulet of inaccuracy
Wands
 r - a wand of iceblast (12)
Scrolls
 g - a scroll of remove curse
 h - 7 scrolls of identify
 l - a scroll of fog {unknown}
Potions
 d - a potion of might
 k - 2 potions of heal wounds {unknown}
 n - a potion of flight
 o - a potion of mutation {unknown}
 t - a potion of degeneration {unknown}
Comestibles
 f - 7 rations
 u - 6 chunks of flesh


   Skills:
 + Level 4.2 Fighting
 + Level 4.0 Long Blades
 + Level 4.2 Armour
 + Level 1.0 Dodging
 + Level 4.3 Shields


You had 4 spell levels left.
You didn't know any spells.
Your spell library was empty.

Dungeon Overview and Level Annotations

Branches:
Dungeon (4/15)
 Temple: D:4-7

Altars:
Cheibriados
Ru


Message History

The ogre hits you but does no damage.
The scorpion stings you but does no damage.
It was a potion of curing.
You feel better.
The adder bites you but does no The scorpion stings you but does no damage.
The ogre hits you but does no damage. The adder bites you but does no damage.
You closely miss the adder.
The adder is almost dead.
You block the adder's attack.
The scorpion stings you but does no damage.
You block the ogre's attack.
You miss the adder.
The adder is almost dead.
You block the adder's attack. The scorpion stings you. You block the adder's
* * * LOW HITPOINT WARNING * * *
You miss the adder.
The adder is almost dead.
The scorpion completely misses you.
You riposte.
Your shield and chain mail prevent you from hitting the scorpion.
The adder bites you but does no damage. The ogre hits you with a giant club!
You die...

....(....# ####
######.... ####.# ..
#.# ..### ... #.. . #.
#...###### #.
!.....S@O### #
#.#.####s..# ##
#......#.############.
##....................
#.#####.##...######..
#. #......#####..# #
###..........##
.....#.....#####
#..#####._...[.. ##.
#.......## #
#....####..#


You could see an ogre, a scorpion and an adder.

Vanquished Creatures
  An orc wizard (D:4)
  2 adders
  3 gnolls (D:2)
  An adder zombie (D:4)
  5 dart slugs
  A leopard gecko (D:3)
  9 orcs
  3 bats
  4 giant cockroaches
  9 goblins
  11 hobgoblins
  11 jackals
  3 quokkas
  5 ball pythons
  2 frilled lizards
  5 kobolds
  A quokka skeleton (D:4)
  6 rats
  A plant (D:3)
83 creatures vanquished.

Notes
Turn   | Place    | Note
-------+----------+-------------------------------------------
     0 | D:1      | verb the Hill Orc Fighter began the quest for the Orb.
     0 | D:1      | Reached XP level 1. HP: 19/19 MP: 1/1
   273 | D:1      | Reached XP level 2. HP: 19/27 MP: 2/2
   780 | D:2      | Reached XP level 3. HP: 33/33 MP: 3/3
  1099 | D:2      | Reached XP level 4. HP: 32/40 MP: 4/4
  1690 | D:3      | Reached XP level 5. HP: 46/46 MP: 5/5
  1724 | D:3      | Reached skill level 1 in Dodging
  1831 | D:3      | Found a sacrificial altar of Ru.
  2071 | D:4      | Found a snail-covered altar of Cheibriados.
  2309 | D:4      | Noticed an ogre
  2386 | D:4      | Slain by an ogre

Skill      XL: |  1  2  3  4  5 |
---------------+----------------+-----
Fighting       | 4 |  4.2
Long Blades    | 3 4 |  4.0
Armour         | 4 |  4.2
Shields        | 4 |  4.3
Dodging        | 1 |  1.0

Action                   |  1- 3 |  4- 6 || total
-------------------------+-------+-------++-------
Melee: Long sword        |    77 |   246 ||   323
  Use: Scroll            |     1 |     2 ||     3
       Potion            |       |     3 ||     3
  Eat: Chunk             |     1 |     4 ||     5
Armor: Scale mail        |    40 |    76 ||   116
       Chain mail        |       |    58 ||    58
Dodge: Dodged            |    29 |    54 ||    83
Block: Shield            |    29 |   139 ||   168
       Rpst.: Long sword |    11 |    13 ||    24
